 Dungeon Crawl Stone Soup version 0.26-a0-737-g4e9f4955e2 (webtiles) character file.

Game seed: 12179780035714690764

23858 robertstho the Frost Mage (level 13, 0/98 HPs)
             Began as a Gnoll Ice Elementalist on Nov 4, 2020.
             Slain by a white ugly thing (25 damage)
             ... on level 13 of the Dungeon.
             The game lasted 00:46:08 (17484 turns).

robertstho the Frost Mage (Gnoll Ice Elementalist) Turns: 17484, Time: 00:46:09

Health: 0/98       AC: 15    Str: 10    XL:     13   Next: 9%
Magic:  26/35      EV: 18    Int: 21    God:
Gold:   805        SH:  6    Dex: 18    Spells: 5/30 levels left

rFire    + . .     SeeInvis .   D - +1 trident (venom)
rCold    . . .     Faith    .   t - +0 buckler
rNeg     . . .     Spirit   .   v - +0 acid dragon scales
rPois    .         Reflect  .   W - +2 hat
rElec    .         Harm     .   r - +0 cloak
rCorr    +         Rampage  .   m - +0 pair of gloves
MR       .....                  x - +1 pair of boots
Stlth    ++++......             b - amulet of magic regeneration
HPRegen  0.26/turn              S - ring of magical power
MPRegen  0.49/turn              l - ring of protection from fire

@: frozen ramparts
A: distributed training, fangs 1, strong nose
a: no special abilities


You were on level 13 of the Dungeon.
You visited 1 branch of the dungeon, and saw 13 of its levels.
You also visited: Gauntlet.

You collected 805 gold pieces.

Inventory:

Hand Weapons
 w - a +2 scimitar of flaming
 A - a +2 trident of flaming
 D - a +1 trident of venom (weapon)
 Q - a +1 fustibalus of freezing
Missiles
 f - 146 sling bullets
Armour
 m - a +0 pair of gloves (worn)
 r - a +0 cloak (worn)
 t - a +0 buckler (worn)
 v - +0 acid dragon scales (worn)
 x - a +1 pair of boots (worn)
 G - a +2 robe of resistance
 W - a +2 hat (worn)
Magical Staves
 n - an uncursed staff of cold
 u - an uncursed staff of earth
Jewellery
 b - an amulet of magic regeneration (around neck)
 l - a ring of protection from fire (right hand)
 B - an uncursed ring of positive energy
 J - an uncursed ring of protection from fire
 L - an uncursed ring of resist corrosion
 R - the ring "Lywasar" {EV+4 Dex+2}
   (You took it off a deep elf mage on level 9 of the Dungeon)

   [ring of evasion]

   It affects your evasion (+4).
   It affects your dexterity (+2).
 S - a ring of magical power (left hand)
Wands
 a - a wand of disintegration (6)
 p - a wand of random effects (3)
 V - a wand of digging (12)
Scrolls
 i - a scroll of magic mapping
 y - a scroll of immolation
 C - 3 scrolls of teleportation
 F - a scroll of enchant armour
 H - 4 scrolls of remove curse
 I - 2 scrolls of summoning
 U - 2 scrolls of silence
Potions
 d - a potion of cancellation
 e - a potion of ambrosia
 g - 4 potions of flight
 h - 5 potions of curing
 j - 3 potions of haste
 k - 7 potions of resistance
 o - 2 potions of lignification
 q - 3 potions of stabbing
 s - 2 potions of mutation
 z - 4 potions of might
 E - a potion of brilliance
 K - a potion of magic
 N - a potion of heal wounds
 O - a potion of berserk rage
Miscellaneous
 P - a box of beasts (3/3)


   Skills:
 + Level 7.9 Fighting
 + Level 7.9 Short Blades
 + Level 7.9 Long Blades
 + Level 7.9 Axes
 + Level 7.9 Maces & Flails
 + Level 7.9 Polearms
 + Level 7.9 Staves
 + Level 7.9 Slings
 + Level 7.9 Bows
 + Level 7.9 Crossbows
 + Level 7.9 Throwing
 + Level 7.9 Armour
 + Level 9.2 Dodging
 + Level 9.1 Stealth
 + Level 7.9 Shields
 + Level 7.9 Unarmed Combat
 + Level 9.4 Spellcasting
 + Level 6.6 Conjurations
 + Level 6.6 Hexes
 + Level 6.6 Summonings
 + Level 6.6 Necromancy
 + Level 6.6 Translocations
 + Level 6.6 Transmutations
 + Level 6.6 Fire Magic
 + Level 9.7 Ice Magic
 + Level 6.6 Air Magic
 + Level 6.6 Earth Magic
 + Level 6.6 Poison Magic
 + Level 8.7 Invocations
 + Level 7.9 Evocations


You had 5 spell levels left.
You knew the following spells:

 Your Spells              Type           Power        Failure   Level
a - Freeze                Ice            ####         1%          1
b - Frozen Ramparts       Ice            ######       1%          3
c - Ozocubu's Armour      Ice            ######..     1%          3
d - Hailstorm             Conj/Ice       #####...     3%          4
e - Summon Ice Beast      Ice/Summ       #####...     3%          4
f - Summon Lightning Spi  Summ/Air       #####...     7%          4
g - Fulminant Prism       Conj/Hex       #####.....   7%          4
h - Searing Ray           Conj           #####.       1%          2

Your spell library contained the following spells:

 Spells                   Type           Power        Failure   Level
 Animate Skeleton         Necr           #####.       1%          1
 Apportation              Tloc           #####.       1%          1
 Corona                   Hex            #####..      1%          1
 Magic Dart               Conj           ####         1%          1
 Summon Small Mammal      Summ           ####         1%          1
 Call Imp                 Summ           #####...     1%          2
 Poisonous Vapours        Pois/Air       #####.       1%          2
 Call Canine Familiar     Summ           #####...     1%          3
 Conjure Flame            Conj/Fire      #####...     1%          3
 Dazzling Flash           Conj/Hex       #####.       1%          3
 Mephitic Cloud           Conj/Pois/Air  #####...     1%          3
 Summon Guardian Golem    Hex/Summ       #####...     1%          3
 Iskenderun's Mystic Bla  Conj/Tloc      #####...     7%          4
 Bolt of Magma            Conj/Fire/Erth #####.....   19%         5
 Iskenderun's Battlesphe  Conj           #####...     19%         5
 Freezing Cloud           Conj/Ice/Air   #####.....   54%         6
 Iron Shot                Conj/Erth      #####.....   71%         6
 Orb of Destruction       Conj           #####.....   99%         7
 Spellforged Servitor     Conj/Summ      #####.....   99%         7


Dungeon Overview and Level Annotations

Branches:
Dungeon (14/15)            Temple (0/1) D:7            Lair (0/6) D:9
Gauntlet (visited)
    Orc: D:9-12      Vaults: D:13-14

Altars:
Ashenzari
Dithmenos
Elyvilon
Fedhas
Gozag
Hepliaklqana
Kikubaaqudgha
Sif Muna
Trog
Uskayaw
Yredelemnul
The Shining One

Shops:
D:10 :

Annotations:
D:5 2 transporters
D:13 Rupert


Innate Abilities, Weirdness & Mutations

Your experience applies equally to all skills.
You have very sharp teeth.
Your uncanny sense of smell can sniff out nearby items.


Message History

A white ugly thing is nearby!
Casting: Frozen Ramparts (safe; 1% risk of failure)
Confirm with . or Enter, or press ? or * to list all spells.
The walls around you are covered in ice.
The white ugly thing resists.
The wall freezes the white ugly thing.
The white ugly thing punches you but does no damage.
The white ugly thing resists.
The wall freezes the white ugly thing.
Casting: Frozen Ramparts (safe; 1% risk of failure)
Confirm with . or Enter, or press ? or * to list all spells.
A chill wind blows around you.
The white ugly thing resists.
The wall freezes the white ugly thing.
The white ugly thing punches you. The white ugly thing freezes you!!
The white ugly thing resists.
The wall freezes the white ugly thing.
Casting: Summon Ice Beast (dangerous; 3% risk of failure)
Confirm with . or Enter, or press ? or * to list all spells.
A chill wind blows around you.
The white ugly thing resists.
The wall freezes the white ugly thing.
The white ugly thing punches you!
* * * LOW HITPOINT WARNING * * *
The white ugly thing freezes you!!
You die...

#.# @ #.# . ########.# .
.####.<......# .
.............# #
.#########.#.####.# .#
.#...## #.#.# #.##.#
......####.#.####.#..####.
.........#.#....@u.>......
.>....##.....(Y..Y..######
.#..........#####.#.#
.##.######..# #.#.#
.##.######..# #....
........##..#######... ∆
....................#.#
###.#######.#########.# ∆
#..# #.# #


You could see a white ugly thing and 2 friendly ice beasts.

Vanquished Creatures
  Frances (D:13)
  A minotaur (Gauntlet)
  A death ooze (Gauntlet)
  Harold (D:10)
  Erica (D:8)
  2 two-headed ogres (D:9)
  2 centaur warriors
  A tengu warrior (D:14)
  2 unseen horrors
  A deep elf mage (D:9)
  2 molten gargoyles (D:11)
  A gargoyle (D:13)
  An efreet (D:9)
  A troll (D:13)
  A hornet (D:8)
  Prince Ribbit (D:5)
  5 slime creatures
  14 yaks
  A wraith (D:9)
  Eustachio (D:4)
  2 wyverns
  Duvessa (D:4)
  A water moccasin (D:9)
  4 orc warriors
  5 sky beasts
  A black bear (D:8)
  2 phantoms
  8 centaurs
  8 ogres
  A necrophage (D:9)
  Blork the orc (D:4)
  6 bullfrogs
  4 big kobolds
  A wyvern skeleton (D:13)
  Dowan (D:4)
  2 scorpions
  A water moccasin skeleton (D:2)
  12 killer bees
  3 nameless horrors
  5 wights (D:10)
  10 howler monkeys
  5 crimson imps (D:7)
  5 hounds
  6 jellies
  A quasit (D:10)
  2 centaur skeletons
  2 iguanas
  6 orc priests
  9 orc wizards
  13 worker ants
  2 hound skeletons
  A worker ant zombie (D:9)
  10 adders
  A shadow imp (D:7)
  6 white imps
  3 ufetubi
  2 adder zombies
  3 adder skeletons
  4 worms
  3 dart slugs
  2 leopard geckos
  24 orcs
  2 giant cockroaches
  7 hobgoblins
  7 jackals
  22 kobolds
  5 quokkas
  A ball python (D:1)
  6 bats
  4 frilled lizards
  9 goblins
  A jackal skeleton (D:6)
  A quokka skeleton (D:4)
  A quokka zombie (D:6)
  9 rats
305 creatures vanquished.

Vanquished Creatures (collateral kills)
  A catoblepas (D:13)
  A skeletal warrior (D:14)
  An orange crystal statue (Gauntlet)
  Joseph (D:9)
  Maggie (D:6)
  Grinder (D:6)
  A wind drake (shapeshifter) (D:13)
  A wraith (D:9)
  A wyvern (D:9)
  Menkaure (D:5)
  An orc warrior (D:7)
  2 phantoms
  2 ogres
  A centaur (D:14)
  A big kobold (D:14)
  A wight (D:9)
  A centaur zombie (D:8)
  3 orc wizards
  A nameless horror (Gauntlet)
  A worker ant zombie (D:8)
  2 orcs (D:14)
  A leopard gecko zombie (D:7)
27 creatures vanquished.

Vanquished Creatures (others)
  3 plants (D:7)
3 creatures vanquished.

Grand Total: 335 creatures vanquished

Notes
Turn   | Place    | Note
-------+----------+-------------------------------------------
     0 | D:1      | robertstho the Gnoll Ice Elementalist began the quest for
                  | the Orb.
     0 | D:1      | Reached XP level 1. HP: 13/13 MP: 6/6
   236 | D:1      | Reached XP level 2. HP: 19/19 MP: 7/7
  1344 | D:2      | Reached XP level 3. HP: 22/25 MP: 1/9
  1349 | D:2      | Learned a level 3 spell: Frozen Ramparts
  1353 | D:2      | Learned a level 3 spell: Ozocubu's Armour
  1466 | D:2      | Reached skill level 1 in Fighting
  1466 | D:2      | Reached skill level 1 in Short Blades
  1466 | D:2      | Reached skill level 1 in Long Blades
  1466 | D:2      | Reached skill level 1 in Axes
  1466 | D:2      | Reached skill level 1 in Maces & Flails
  1466 | D:2      | Reached skill level 1 in Polearms
  1466 | D:2      | Reached skill level 1 in Staves
  1466 | D:2      | Reached skill level 1 in Slings
  1466 | D:2      | Reached skill level 1 in Bows
  1466 | D:2      | Reached skill level 1 in Crossbows
  1466 | D:2      | Reached skill level 1 in Throwing
  1466 | D:2      | Reached skill level 1 in Armour
  1466 | D:2      | Reached skill level 1 in Shields
  1466 | D:2      | Reached skill level 1 in Unarmed Combat
  1466 | D:2      | Reached skill level 5 in Spellcasting
  1466 | D:2      | Reached skill level 1 in Invocations
  1466 | D:2      | Reached skill level 1 in Evocations
  1466 | D:2      | Reached XP level 4. HP: 27/32 MP: 8/11
  1582 | D:2      | Learned a level 4 spell: Hailstorm
  1809 | D:2      | Reached skill level 1 in Conjurations
  1809 | D:2      | Reached skill level 1 in Hexes
  1809 | D:2      | Reached skill level 1 in Summonings
  1809 | D:2      | Reached skill level 1 in Necromancy
  1809 | D:2      | Reached skill level 1 in Translocations
  1809 | D:2      | Reached skill level 1 in Transmutations
  1809 | D:2      | Reached skill level 1 in Fire Magic
  1809 | D:2      | Reached skill level 1 in Air Magic
  1809 | D:2      | Reached skill level 1 in Earth Magic
  1809 | D:2      | Reached skill level 1 in Poison Magic
  2121 | D:2      | Reached XP level 5. HP: 37/37 MP: 6/12
  3298 | D:3      | Noticed a phantom
  3372 | D:3      | Noticed an ogre
  3378 | D:3      | Killed an ogre
  3378 | D:3      | Reached XP level 6. HP: 44/44 MP: 11/13
  3450 | D:3      | Learned a level 4 spell: Summon Ice Beast
  3463 | D:3      | Killed a phantom
  3463 | D:3      | Reached skill level 5 in Dodging
  3839 | D:4      | Noticed Eustachio
  4116 | D:4      | Reached XP level 7. HP: 36/50 MP: 13/15
  4206 | D:4      | Found a broken altar of Ashenzari.
  4339 | D:4      | Killed Eustachio
  4632 | D:4      | Found a white marble altar of Elyvilon.
  4644 | D:4      | Noticed Dowan
  4645 | D:4      | Noticed Duvessa
  4655 | D:4      | Killed Dowan
  4655 | D:4      | Reached skill level 5 in Stealth
  4664 | D:4      | Killed Duvessa
  4978 | D:4      | Noticed Blork the orc
  4992 | D:4      | Killed Blork the orc
  4992 | D:4      | Reached XP level 8. HP: 41/57 MP: 13/16
  5196 | D:4      | Found a hazy altar of Hepliaklqana.
  5392 | D:5      | Entered Level 5 of the Dungeon
  5410 | D:5      | Found a transporter.
  5424 | D:5      | Found a transporter.
  5438 | D:5      | Noticed Menkaure
  5459 | D:5      | Killed Menkaure
  5760 | D:5      | Noticed Prince Ribbit
  6489 | D:5      | Found a faded altar of an unknown god.
  6489 | D:5      | Found a faded altar of an unknown god.
  6498 | D:5      | Killed Prince Ribbit
  6503 | D:5      | Found a bloodstained altar of Trog.
  6505 | D:5      | Found a basalt altar of Yredelemnul.
  6507 | D:5      | Found a glowing golden altar of the Shining One.
  7159 | D:6      | Noticed Grinder
  7191 | D:6      | Paralysed by Grinder for 7 turns
  7194 | D:6      | Killed Grinder
  7194 | D:6      | Reached XP level 9. HP: 31/65 MP: 13/18
  7413 | D:6      | Found a shadowy altar of Dithmenos.
  7667 | D:6      | Noticed Maggie
  7857 | D:6      | Killed Maggie
  8240 | D:7      | Noticed a nameless horror
  8245 | D:7      | Killed a nameless horror
  8957 | D:7      | Reached skill level 5 in Invocations
  9134 | D:7      | Found a staircase to the Ecumenical Temple.
  9589 | D:8      | Reached XP level 10. HP: 73/73 MP: 20/20
  9709 | D:8      | Reached skill level 5 in Fighting
  9709 | D:8      | Reached skill level 5 in Short Blades
  9709 | D:8      | Reached skill level 5 in Long Blades
  9709 | D:8      | Reached skill level 5 in Axes
  9709 | D:8      | Reached skill level 5 in Maces & Flails
  9709 | D:8      | Reached skill level 5 in Polearms
  9709 | D:8      | Reached skill level 5 in Staves
  9709 | D:8      | Reached skill level 5 in Slings
  9709 | D:8      | Reached skill level 5 in Bows
  9709 | D:8      | Reached skill level 5 in Crossbows
  9709 | D:8      | Reached skill level 5 in Throwing
  9709 | D:8      | Reached skill level 5 in Armour
  9709 | D:8      | Reached skill level 5 in Shields
  9709 | D:8      | Reached skill level 5 in Unarmed Combat
  9709 | D:8      | Reached skill level 5 in Evocations
  9721 | D:8      | Noticed Erica
  9903 | D:8      | Found a hide-covered altar of Uskayaw.
 10176 | D:8      | Killed Erica
 10316 | D:8      | Found a blossoming altar of Fedhas.
 10317 | D:8      | Found an ancient bone altar of Kikubaaqudgha.
 10976 | D:9      | Noticed a two-headed ogre
 10984 | D:9      | Killed a two-headed ogre
 11023 | D:9      | Found a blossoming altar of Fedhas.
 11267 | D:9      | Reached XP level 11. HP: 81/81 MP: 15/22
 11287 | D:9      | Noticed a two-headed ogre
 11295 | D:9      | Identified the ring "Lywasar" {EV+4 Dex+2}
 11295 | D:9      | Noticed a deep elf mage
 11316 | D:9      | Killed a two-headed ogre
 11316 | D:9      | Reached skill level 5 in Conjurations
 11316 | D:9      | Reached skill level 5 in Hexes
 11316 | D:9      | Reached skill level 5 in Summonings
 11316 | D:9      | Reached skill level 5 in Necromancy
 11316 | D:9      | Reached skill level 5 in Translocations
 11316 | D:9      | Reached skill level 5 in Transmutations
 11316 | D:9      | Reached skill level 5 in Fire Magic
 11316 | D:9      | Reached skill level 5 in Air Magic
 11316 | D:9      | Reached skill level 5 in Earth Magic
 11316 | D:9      | Reached skill level 5 in Poison Magic
 11325 | D:9      | Killed a deep elf mage
 11412 | D:9      | Killed an unseen horror
 11619 | D:9      | Got a brightly glowing robe
 11891 | D:9      | Found a staircase to the Lair.
 12088 | D:9      | Noticed Joseph
 12099 | D:9      | Killed Joseph
 12217 | D:9      | Found an opulent altar of Gozag.
 12596 | D:9      | Found a shimmering blue altar of Sif Muna.
 12843 | D:9      | Identified the +2 robe the Painted Butterfly {Dex+4} (You
                  | found it on level 9 of the Dungeon)
 13416 | D:10     | Entered Level 10 of the Dungeon
 13625 | D:10     | Found Coeblaxe's Book Boutique.
 13995 | D:10     | Killed an unseen horror
 14171 | D:10     | Noticed Harold
 14184 | D:10     | Killed Harold
 14184 | D:10     | Reached XP level 12. HP: 62/89 MP: 21/24
 14705 | D:11     | Found a gate leading to a gauntlet.
 14714 | Gauntlet | Entered a Gauntlet
 14714 | Gauntlet | Found a transporter.
 14716 | Gauntlet | Noticed a reaper
 14717 | Gauntlet | Found a transporter.
 14730 | Gauntlet | Found a transporter.
 14734 | Gauntlet | Found a transporter.
 14737 | Gauntlet | Noticed a death ooze
 14744 | Gauntlet | Found a transporter.
 14764 | Gauntlet | Found a transporter.
 14777 | Gauntlet | Found a transporter.
 14797 | Gauntlet | Found a transporter.
 14801 | Gauntlet | Found a transporter.
 14801 | Gauntlet | Noticed a death yak
 14803 | Gauntlet | Noticed a death yak
 14803 | Gauntlet | Noticed a death yak
 14804 | Gauntlet | Noticed a death yak
 14805 | Gauntlet | Noticed a death yak
 14809 | Gauntlet | Found a transporter.
 14831 | Gauntlet | Found a transporter.
 14835 | Gauntlet | Found a transporter.
 14979 | Gauntlet | Noticed a tengu warrior
 15160 | Gauntlet | Killed a death ooze
 15420 | Gauntlet | Noticed a minotaur
 15454 | Gauntlet | Killed a minotaur
 15889 | D:11     | You fall into a shaft and drop 3 floors!
 15936 | D:14     | Noticed a centaur warrior
 15944 | D:14     | Killed a centaur warrior
 16052 | D:14     | Noticed a catoblepas
 16079 | D:14     | Noticed a tengu warrior
 16119 | D:14     | Killed a tengu warrior
 16156 | D:13     | Noticed Rupert
 16374 | D:13     | Learned a level 4 spell: Summon Lightning Spire
 16379 | D:13     | Learned a level 4 spell: Fulminant Prism
 16382 | D:13     | Learned a level 2 spell: Searing Ray
 16575 | D:13     | Noticed Frances
 16590 | D:13     | Killed Frances
 16851 | D:13     | Noticed a centaur warrior
 16857 | D:13     | Killed a centaur warrior
 16857 | D:13     | Reached XP level 13. HP: 74/98 MP: 21/26
 17484 | D:13     | Slain by a white ugly thing

Illustrated notes

Levels and vault maps discovered:
D:1:      dpeg_arrival_lava_temple_mockup, layout_basic
D:2:      layout_basic
D:3:      layout_loops_ring, kennysheep_potato
D:4:      layout_basic, elyvilon_altar_3, marbit_many_paths,
          kennysheep_mini_moat, kennysheep_generic_room_15, uniq_eustachio,
          uniq_duvessa, uniq_blork_the_orc
D:5:      gammafunk_steamed_eel, layout_basic,
          chequers_temple_overflow_minitemple, chequers_serial_rivers_large_b,
          uniq_menkaure, uniq_prince_ribbit1
D:6:      layout_basic, overflow_temple_1_default, uniq_grinder, uniq_maggie
D:7:      layout_loops_ring, minmay_temple_entry_gardened_gates,
          minmay_nine_imps
D:8:      layout_basic, grunt_temple_overflow_growth_and_decay,
          eat_drink_and_be_merry_uskayaw, uniq_erica
D:9:      minmay_the_grid_octo_tiled_squarecenter
          [minmay_the_grid_octo_fan_narrow,
          minmay_the_grid_octo_vomiting_pacman, minmay_the_grid_octo_concentric,
          minmay_the_grid_octo_horde, minmay_the_grid_square_5x5_megaprize_open,
          minmay_the_grid_square_5x5_minimal, minmay_the_grid_square_5x5_tie,
          minmay_the_grid_square_5x5_two_walls_b,
          minmay_the_grid_square_5x5_minibox], layout_basic,
          lemuel_coloured_pillars_altar, kennysheep_mini, uniq_joseph
D:10:     layout_basic, serial_shops, shop, uniq_harold
D:11:     layout_gridville, gauntlet_entry_generic, minivault_8
D:13:     layout_loops_ring, uniq_frances, uniq_rupert
D:14:     layout_rooms, david_vaults_4, serial_rivers,
          chequers_serial_rivers_micro_c, chequers_serial_rivers_small_a,
          chequers_serial_rivers_micro_e, chequers_serial_rivers_marsh,
          chequers_serial_rivers_large_a

Skill      XL: |  1  2  3  4  5  6  7  8  9 10 11 12 |
---------------+-------------------------------------+-----
Fighting       | 1 2 3 4 5 6 7 |  7.9
Short Blades   | 1 2 3 4 5 6 7 |  7.9
Long Blades    | 1 2 3 4 5 6 7 |  7.9
Axes           | 1 2 3 4 5 6 7 |  7.9
Maces & Flails | 1 2 3 4 5 6 7 |  7.9
Polearms       | 1 2 3 4 5 6 7 |  7.9
Staves         | 1 2 3 4 5 6 7 |  7.9
Slings         | 1 2 3 4 5 6 7 |  7.9
Bows           | 1 2 3 4 5 6 7 |  7.9
Crossbows      | 1 2 3 4 5 6 7 |  7.9
Throwing       | 1 2 3 4 5 6 7 |  7.9
Armour         | 1 2 3 4 5 6 7 |  7.9
Shields        | 1 2 3 4 5 6 7 |  7.9
Unarmed Combat | 1 2 3 4 5 6 7 |  7.9
Spellcasting   | 5 6 7 8 9 |  9.4
Invocations    | 1 2 3 4 5 6 7 8 |  8.7
Evocations     | 1 2 3 4 5 6 7 |  7.9
Conjurations   | 1 2 3 4 5 6 |  6.6
Hexes          | 1 2 3 4 5 6 |  6.6
Summonings     | 1 2 3 4 5 6 |  6.6
Necromancy     | 1 2 3 4 5 6 |  6.6
Translocations | 1 2 3 4 5 6 |  6.6
Transmutations | 1 2 3 4 5 6 |  6.6
Fire Magic     | 1 2 3 4 5 6 |  6.6
Air Magic      | 1 2 3 4 5 6 |  6.6
Earth Magic    | 1 2 3 4 5 6 |  6.6
Poison Magic   | 1 2 3 4 5 6 |  6.6
Dodging        | 5 6 7 8 9 |  9.2
Stealth        | 5 6 7 8 9 |  9.1
Ice Magic      | 8 9 |  9.7

Action                   |  1- 3 |  4- 6 |  7- 9 | 10-12 | 13-15 || total
-------------------------+-------+-------+-------+-------+-------++-------
Melee: Unarmed           |    11 |       |       |       |       ||    11
       Dagger            |    57 |    43 |       |       |       ||   100
       Bite              |     5 |     8 |    27 |    49 |     8 ||    97
       Punch             |     1 |       |       |       |       ||     1
       Spear             |       |    17 |       |       |       ||    17
       Rapier            |       |    36 |   108 |       |       ||   144
       Trident           |       |       |    84 |   328 |    39 ||   451
 Fire: Fustibalus        |       |       |       |    99 |       ||    99
 Cast: Freeze            |    20 |     2 |       |       |       ||    22
       Ozocubu's Armour  |     1 |       |       |       |       ||     1
       Frozen Ramparts   |       |    28 |    48 |    69 |     5 ||   150
       Summon Ice Beast  |       |     1 |    13 |    42 |     8 ||    64
       Hailstorm         |       |       |     3 |     8 |     3 ||    14
       Searing Ray       |       |       |       |     2 |       ||     2
       Summon Lightning  |       |       |       |     1 |       ||     1
Evoke: Wand              |       |       |     2 |     5 |       ||     7
       Box of beasts     |       |       |       |     1 |       ||     1
  Use: Potion            |     2 |       |       |     8 |       ||    10
       Scroll            |       |     5 |    17 |    11 |       ||    33
 Stab: Sleeping          |     6 |     3 |     4 |     4 |       ||    17
       Distracted        |       |       |     2 |     1 |       ||     3
Armor: Robe              |     9 |    25 |    23 |       |       ||    57
       Acid dragon scale |       |       |    23 |   120 |     5 ||   148
Dodge: Dodged            |    54 |    90 |   131 |   296 |    18 ||   589
Block: Buckler           |       |    10 |    46 |   106 |     5 ||   167

Table legend: (Time is in decaauts)
 A = Elapsed time spent in this place.
 B = Non-inter-level travel time spent in this place.
 C = Inter-level travel time spent in this place.
 D = Time resting spent in this place.
 E = Time spent auto-exploring this place.
 F = Levels seen in this place.
 G = Mean time per level.
                   A        B        C        D        E       F      G
               +--------+--------+--------+--------+--------+-----+--------+
         Total |  17548 |  16640 |    908 |   1419 |  11724 |  14 | 1253.4 |
       Dungeon |  16532 |  15624 |    908 |   1086 |  11279 |  13 | 1271.7 |
      Gauntlet |   1016 |   1016 |      0 |    333 |    445 |   1 | 1016.0 |
               +--------+--------+--------+--------+--------+-----+--------+

Top non-repeatable levels by time:
     D:9: 1996 daAuts
     D:2: 1785 daAuts
     D:5: 1602 daAuts
     D:8: 1592 daAuts
     D:4: 1521 daAuts
     D:7: 1404 daAuts
    D:13: 1321 daAuts
     D:1: 1252 daAuts
     D:6: 1225 daAuts
     D:3: 1091 daAuts
    D:10: 1081 daAuts
Gauntlet: 1016 daAuts
    D:11: 389 daAuts
    D:14: 269 daAuts
